AoeStats
← O grande

Arabia

505695847Analyzed
1v1 RM · 21d ago on Sep 10, 2026· 64m 22s· 2 players
Game mode
Random Map
Map size
Tiny (2 player)
Population
200
Speed
Normal
Resources
Standard
Victory
Conquest
Starting age
Dark Age
Ending age
Imperial Age
RankedLock teamsTeams togetherTeam positionsShared explorationLock speedFull tech treeHidden civsTurbo modeCheats
Victory
Defeat
🇯🇵 Jurchens · Japan
1963
+20
🇧🇷 Magyars · Brazil
2054
-20
Papillon
6:29 Loom
8:50 Feudal Age
9:27 Double-Bit Axe
21:16 Castle Age
19:21 Horse Collar
20:42 Bloodlines
20:58 Scale Barding Armor
21:35 Light Cavalry
22:51 Husbandry
33:04 Chain Barding Armor
33:04 Squires
33:25 Scale Mail Armor
34:25 Wheelbarrow
34:52 Chain Mail Armor
35:26 Forging
38:00 Hand Cart
37:42 Town Watch
39:46 Iron Casting
39:50 Light Cavalry
40:51 Elite Skirmisher
44:56 Imperial Age
43:43 Fletching
45:32 Bodkin Arrow
46:19 Ballistics
46:18 Bracer
46:25 Padded Archer Armor
48:33 Plate Barding Armor
48:41 Conscription
50:15 Chemistry
49:34 Leather Archer Armor
51:41 Blast Furnace
51:48 Masonry
52:42 Ring Archer Armor
53:27 Fortified Bastions
54:03 Architecture
54:06 Elite Fire Lancer
56:43 Pikeman
58:20 Siege Engineers
58:16 Halberdier
59:46 Hussar
61:48 Heavy Plow
O grande
6:49 Loom
9:57 Feudal Age
12:19 Double-Bit Axe
17:56 Wheelbarrow
20:33 Castle Age
19:26 Scale Barding Armor
19:48 Horse Collar
22:33 Bow Saw
22:59 Husbandry
23:41 Town Watch
25:29 Heavy Plow
27:47 Bloodlines
29:52 Gold Mining
32:18 Gold Shaft Mining
35:25 Chain Barding Armor
35:12 Fletching
36:33 Bodkin Arrow
37:36 Thumb Ring
37:34 Padded Archer Armor
38:08 Hand Cart
40:31 Ballistics
44:50 Imperial Age
44:52 Heavy Cavalry Archer
46:34 Chemistry
46:35 Bracer
46:32 Light Cavalry
48:13 Corvinian Army
48:15 Recurve Bow
48:35 Conscription
48:56 Hussar
50:49 Leather Archer Armor
51:03 Parthian Tactics
Connection lost

Rejoining the realm…

Still unreachable

The connection could not be restored.

Session expired

The server has moved on; the page needs a fresh start.